 Dungeon Crawl Stone Soup version 0.30.0-17-ge0270778cf (webtiles) character file.

Game seed: 3889126061494463243

254428 NateTC the Slayer (level 19, 0/200 (204) HPs)
             Began as a Minotaur Fighter on May 21, 2023.
             Was an Initiate of Gozag.
             Slain by a reaper
             ... wielding a +1 scythe of distortion
              (15 damage)
             ... in the Vestibule of Hell.
             The game lasted 01:22:52 (38985 turns).

NateTC the Slayer (Minotaur Fighter)               Turns: 38985, Time: 01:22:53

HP:   0/200 (204)   AC: 36    Str: 33    XL:     19   Next: 73%
MP:   19/19         EV: 16    Int:  4    God:    Gozag
Gold: 4095          SH: 26    Dex: 11    Spells: 18/18 levels left

rFire   + + .        a - +9 broad axe (heavy)
rCold   + + .        I - +2 tower shield {AC+3}
rNeg    + . .        i - +2 plate armour {Will+}
rPois   +            s - +2 hat
rElec   +            N - scarf {repulsion}
rCorr   +            G - +2 pair of gloves
SInv    .            K - +2 pair of boots {Fly}
Will    ++...        Z - amulet of Zeopopoe {Acrobat rPois rN+ Slay-2} Stlth
                     W - ring of Vuikaibu {rC+ AC+4 Str+2}
HPRegen 0.53/turn    M - ring "Hero's Friend" {rElec EV+5}
MPRegen 0.16/turn

%: repel missiles, acrobat
@: lethally poisoned (0 -> -2), resistant, flying, lightly drained
A: horns 2, retaliatory headbutt, large bone plates 1, fire resistance 1, high
MP 1, strong 1
a: Renounce Religion, Potion Petition, Call Merchant, Bribe Branch


You were in the Vestibule of Hell.
You worshipped Gozag.
Gozag was most pleased with you.
You visited 9 branches of the dungeon, and saw 34 of its levels.
You visited the Abyss 1 time.
You also visited: Ossuary, Gauntlet and Ice Cave.

You collected 13344 gold pieces.
You spent 5403 gold pieces at shops.
You paid 3846 gold pieces to Gozag.

Inventory:

Hand Weapons
 a - a +9 heavy broad axe (weapon)
 c - the +3 morningstar "Qugeum" {elec, Dex+4}
   (You found it in an ice cave)

   Dex:       It affects your dexterity (+4).
Armour
 i - a +2 plate armour of willpower (worn)
 s - a +2 hat (worn)
 E - a +2 plate armour of cold resistance
 G - a +2 pair of gloves (worn)
 I - a +2 tower shield of protection (worn)
 K - a +2 pair of boots of flying (worn)
 N - a scarf of repulsion (worn)
 O - a +2 plate armour of fire resistance
Jewellery
 b - the ring "Xuyzasm" {Fly Will+}
   (You took it off a deep elf pyromancer on level 3 of the Elven Halls)

   [ring of flight]

   Fly:       It grants you flight.
   Will:      It increases your willpower.
 e - a +4 ring of protection
 n - a +5 ring of evasion
 M - the ring "Hero's Friend" (right hand) {rElec EV+5}
   (You found it in a Gauntlet)

   [ring of evasion]

   EV:        It affects your evasion (+5).
   rElec:     It insulates you from electricity.
 T - a ring of willpower
 W - the ring of Vuikaibu (left hand) {rC+ AC+4 Str+2}
   (You bought it in a shop on level 2 of the Orcish Mines)

   [ring of protection]

   AC:        It affects your AC (+4).
   Str:       It affects your strength (+2).
   rC:        It protects you from cold.
 X - a ring of protection from fire
 Z - the amulet of Zeopopoe (around neck) {Acrobat rPois rN+ Slay-2}
   (You bought it in a shop on level 2 of the Orcish Mines)

   [amulet of the acrobat]

   It increases your evasion while moving and waiting.
   Slay:      It affects your accuracy & damage with ranged weapons and melee
   (-2).
   rPois:     It protects you from poison.
   rN:        It protects you from negative energy.
Wands
 g - a wand of digging (7)
 y - a wand of iceblast (22)
 L - a wand of light (11)
 S - a wand of polymorph (28)
 U - a wand of flame (79)
 Y - a wand of charming (18)
Scrolls
 f - a scroll of summoning
 u - 20 scrolls of teleportation
 w - 5 scrolls of magic mapping
 z - 3 scrolls of enchant armour
 A - 9 scrolls of fear
 B - a scroll of blinking
 C - 4 scrolls of silence
 D - 3 scrolls of fog
 J - 2 scrolls of noise
 P - a scroll of brand weapon
 Q - 16 scrolls of identify
Potions
 d - 7 potions of might
 h - 2 potions of berserk rage
 k - 2 potions of mutation
 l - 17 potions of curing
 m - 9 potions of magic
 o - 2 potions of invisibility
 p - 6 potions of resistance
 q - 8 potions of lignification
 r - 7 potions of brilliance
 t - 3 potions of flight
 v - 3 potions of cancellation
 F - 5 potions of attraction
 H - 4 potions of haste
 R - a potion of heal wounds
 V - a potion of ambrosia
Miscellaneous
 j - a box of beasts
 x - a phantom mirror


   Skills:
 * Level 26.1 Fighting
 - Level 18.0 Axes
 - Level 10.7 Ranged Weapons
 - Level 17.8 Armour
 - Level 9.6 Dodging
 - Level 20.0 Shields
 - Level 7.5 Evocations


You had 18 spell levels left.
You didn't know any spells.
Your spell library contained the following spells:

 Spells                   Type           Power      Damage    Failure   Level
 Apportation              Tloc           0%         N/A       98%         1
 Beastly Appendage        Tmut           0%         N/A       98%         1
 Freeze                   Ice            0%         1d3       98%         1
 Sandblast                Erth           0%         2d4       98%         1
 Slow                     Hex            0%         N/A       98%         1
 Ensorcelled Hibernation  Hex/Ice        0%         N/A       99%         2
 Wereblood                Tmut           0%         N/A       99%         2
 Confusing Touch          Hex            0%         N/A       100%        3
 Dazzling Flash           Conj/Hex       0%         N/A       100%        3
 Frozen Ramparts          Ice            0%         1d1       100%        3
 Gell's Gravitas          Tloc           0%         N/A       100%        3
 Hailstorm                Conj/Ice       0%         3d3       100%        3
 Inner Flame              Hex/Fire       0%         N/A       100%        3
 Ozocubu's Armour         Ice            0%         N/A       100%        3
 Spider Form              Tmut/Pois      0%         N/A       100%        3
 Stone Arrow              Conj/Erth      0%         3d7       100%        3
 Swiftness                Air            0%         N/A       100%        3
 Teleport Other           Tloc           0%         N/A       100%        3
 Vampiric Draining        Necr           0%         2d6       100%        3
 Vhi's Electric Charge    Tloc/Air       0%         N/A       100%        3
 Anguish                  Hex/Necr       0%         N/A       100%        4
 Animate Armour           Summ/Erth      0%         N/A       100%        4
 Cause Fear               Hex            0%         N/A       100%        4
 Ice Form                 Ice/Tmut       0%         N/A       100%        4
 Leda's Liquefaction      Hex/Erth       0%         N/A       100%        4
 Agony                    Necr           0%         N/A       100%        5
 Alistair's Intoxication  Tmut/Pois      0%         N/A       100%        5
 Arcjolt                  Conj/Air       0%         1d10      100%        5
 Borgnjor's Vile Clutch   Necr/Erth      0%         N/A       100%        5
 Iskenderun's Battlesphe  Conj           0%         2d6       100%        5
 Lee's Rapid Deconstruct  Erth           0%         3d4*      100%        5
 Silence                  Hex/Air        0%         N/A       100%        5
 Summon Forest            Summ/Tloc      0%         N/A       100%        5
 Summon Mana Viper        Hex/Summ       0%         N/A       100%        5
 Yara's Violent Unravell  Hex/Tmut       0%         3d3       100%        5
 Dispersal                Tloc           0%         N/A       100%        6
 Eringya's Noxious Bog    Tmut/Pois      0%         N/A       100%        6
 Iron Shot                Conj/Erth      0%         9d1       100%        6
 Plasma Beam              Fire/Air       0%         2x1d11    100%        6
 Statue Form              Tmut/Erth      0%         N/A       100%        6
 Summon Cactus Giant      Summ           0%         N/A       100%        6
 Dragon Form              Tmut           0%         N/A       100%        7
 Enfeeble                 Hex            0%         N/A       100%        7
 Ozocubu's Refrigeration  Ice            0%         4d7       100%        7
 Spellforged Servitor     Conj/Summ      0%         N/A       100%        7
 Borgnjor's Revivificati  Necr           0%         N/A       100%        8
 Lehudib's Crystal Spear  Conj/Erth      0%         10d2      100%        8
 Necromutation            Tmut/Necr      0%         N/A       100%        8
 Death's Door             Necr           0%         N/A       100%        9
 Dragon's Call            Summ           0%         N/A       100%        9
 Simulacrum               Ice/Necr       Unusable   N/A       N/A         6

Dungeon Overview and Level Annotations

Branches:
Dungeon (15/15) Zot: 24786  Temple (1/1) D:5 Zot: 5782    Lair (5/5) D:10 Zot: 23411
  Swamp (3/4) Lair:3 Zot: 14614   Snake (3/4) Lair:3 Zot: 14324   Slime (0/5) Lair:5
    Orc (2/2) D:10 Zot: 10310     Elf (3/3) Orc:2 Zot: 12233  Vaults (0/5) D:13
 Depths (1/4) D:15 Zot: 4587    Hell (1/1) Zot: 5925   Ossuary (visited)
  IceCv (visited)         Gauntlet (visited)
    Dis: Hell:1         Geh: Hell:1         Coc: Hell:1         Tar: Hell:1

Altars:
Ashenzari
Cheibriados
Dithmenos
Elyvilon
Fedhas
Gozag
Hepliaklqana
Kikubaaqudgha
Makhleb
Nemelex Xobeh
Okawaru
Qazlal
Ru
Sif Muna
Trog
Uskayaw
Vehumet
Wu Jian
Xom
Yredelemnul
Zin
The Shining One
Jiyva

Shops:
D:3 !=!   D:5 ?   D:8 [*:((   D:13 [   D:14 !   Orc:2 =(*(   Elf:1 ?*
Snake:2 (   Snake:3 :=:

Portals:
Hell: Depths:1

Annotations:
Swamp:2 2 transporters, LobsterGuardian's ghost, adept HOMo
Elf:2 1 runed translucent door
Hell Geryon


Innate Abilities, Weirdness & Mutations

You have a pair of horns on your head.
You reflexively headbutt those who attack you in melee.
You are partially covered in large bone plates. (SH +4)
Your flesh is heat resistant. (rF+)
You have an increased reservoir of magic. (+10% MP)
Your muscles are strong. (Str +4, Int/Dex -1)


Message History

The hell beast disappears in a puff of smoke!
You barely miss the iron golem. You barely miss something.
You feel very sick.
The hell beast is no longer distracted by gold.
The reaper is no longer distracted by gold.
The green death is no longer distracted by gold.
You block something's attack. Something bites you!
* * * LOW HITPOINT WARNING * * *
Something draws strength from your injuries!
You block the reaper's attack.
Geryon winds a great silver horn.
You block the reaper's attack.
The reaper hits you from afar with a +3 scythe of venom.
* * * LOW HITPOINT WARNING * * *
An iron dragon comes into view.
Something hits you but does no damage. Something bites you but does no damage.
The iron golem hits you.
* * * LOW HITPOINT WARNING * * *
The iron golem hits you!!
* * * LOW HITPOINT WARNING * * *
You feel much better.
You feel sick. You block something's attack. Something closely misses you.
You block the reaper's attack. The reaper closely misses you.
The green death gestures at you.
The bolt of poison hits the reaper.
The bolt of poison hits something.
The bolt of poison misses you. You block the reaper's attack.
Geryon barely misses you.
The iron golem hits you but does no damage. x2
You slice the hell beast!!
The hell beast is moderately wounded.
You slice something!! You hit the iron golem.
You feel sick. Something hits you.
* * * LOW HITPOINT WARNING * * *
Something bites you but does no damage. You block the hell beast's attack. x2
A creeping inferno comes into view.
The reaper hits you from afar with a +1 scythe of distortion!
* * * LOW HITPOINT WARNING * * *
Space warps horribly around you!
You die...
Your body crumbles into a pile of gold.

#.......##
#.∩..≈≈.∩.####
...≈≈≈≈≈D....##≈
..≈≈≈≈≈≈≈.......
.*≈≈≈≈≈≈≈.......
...≈≈≈≈≈........
....≈≈&v$$...#
#.∩..≈≈92$#
#...22$@##
##...2{##
#....2# #.....#
##...## #..2
.#.# ..#'


You could see an iron golem, Geryon, an iron dragon, 2 hell beasts, 3 reapers, a
green death, a fire vortex and a creeping inferno.

Vanquished Creatures
  Nikola (Swamp:3)
  2 tentacled monstrosities (Swamp:1)
  4 deep elf master archers (Elf:3)
  2 deep elf blademasters (Elf:3)
  Frances (Snake:2)
  A shadow dragon (Hell)
  Roxanne (Snake:3)
  A storm dragon (D:15)
  A fire giant (Depths:1)
  A nagaraja (Snake:2)
  A tengu reaver (D:15)
  5 deep elf sorcerers (Elf:3)
  A frost giant (Depths:1)
  Aizul (Snake:3)
  4 deep elf elementalists (Elf:3)
  An orc warlord (Orc:2)
  2 stone giants (Depths:1)
  The ghost of AiryTheDragon the Frost Mage, a journeyman DrIE of Nemelex Xobeh (Lair:2)
  2 reapers (Depths:1)
  4 deep elf demonologists (Elf:3)
  A bunyip (Swamp:1)
  4 eleionomae
  The ghost of NateTC the Marksminotaur, a journeyman MiHu of Gozag (Lair:4)
  A minotaur (Gauntlet)
  8 deep elf annihilators (Elf:3)
  Snorg (Lair:5)
  5 blizzard demons
  A fire dragon (Depths:1)
  2 ettins (Depths:1)
  A shambling mangrove (Swamp:1)
  5 deep elf death magi
  5 deep elf high priests (Elf:3)
  A ghost crab (Gauntlet)
  5 hydras
  A caustic shrike simulacrum (IceCv)
  2 centaur warriors
  A salamander tyrant (Snake:2)
  3 ogre magi
  2 rakshasas (Depths:1)
  2 catoblepae (Lair:5)
  An ice dragon (Depths:1)
  8 vault guards (D:13)
  2 deep troll shamans
  12 naga warriors
  4 anacondas
  12 death yaks
  16 two-headed ogres
  2 vampire magi (Depths:1)
  37 dancing weapons
  2 boulder beetles
  8 hell hogs
  A tengu warrior (D:14)
  7 alligators
  2 spriggan berserkers
  2 naga sharpshooters (Snake:3)
  10 orc high priests
  5 shock serpents
  19 deep elf knights
  10 spriggans
  3 sun demons
  A sixfirhy (D:14)
  4 spriggan druids
  A skyshark (Lair:2)
  7 naga ritualists
  4 goliath frogs
  A glowing orange brain (Depths:1)
  A flayed ghost (Depths:1)
  20 deep elf pyromancers
  3 swamp dragons
  5 deep trolls
  5 spriggan simulacra (IceCv)
  A lindwurm (Lair:5)
  An obsidian statue (IceCv)
  7 deep elf archers
  26 deep elf zephyrmancers
  3 orc knights (D:15)
  5 wizards
  3 bog bodies
  12 mana vipers
  5 oklob plants
  3 orc sorcerers
  34 ugly things
  10 salamanders
  3 will-o-the-wisps
  3 cyclopes
  15 elephants
  7 guardian serpents
  6 manticores
  A guardian serpent (shapeshifter) (D:15)
  34 black mambas
  9 rust devils
  An orange demon (D:14)
  4 smoke demons (D:14)
  6 naga magi
  4 unseen horrors
  14 cane toads
  A cane toad (shapeshifter) (D:10)
  6 rime drakes
  2 gargoyles
  2 kobold demonologists
  6 komodo dragons
  A komodo dragon (shapeshifter) (D:15)
  6 freezing wraiths
  An efreet (D:15)
  16 ice devils
  A hydra zombie (Hell)
  3 anaconda simulacra (IceCv)
  A hellwing (D:14)
  A golden dragon simulacrum (IceCv)
  A red devil (D:14)
  2 polar bears
  8 trolls
  8 hornets
  4 tyrant leeches
  A wolf spider simulacrum (Gauntlet)
  17 blink frogs
  2 large abominations (Gauntlet)
  7 slime creatures
  11 dream sheep
  5 air elementals
  A centaur simulacrum (Gauntlet)
  Sigmund (D:2)
  2 shadows (D:11)
  A dire elephant simulacrum (IceCv)
  3 water elementals
  A ynoxinul (D:14)
  4 basilisks
  39 yaks
  7 wyverns
  A wraith (D:14)
  3 chaos spawn (D:14)
  2 neqoxecs (D:14)
  3 fire elementals
  A steam dragon (D:8)
  7 minotaur simulacra (IceCv)
  12 wargs
  2 harpy simulacra (IceCv)
  12 vampire mosquitoes
  27 nagas
  10 swamp worms
  2 acid dragons
  12 water moccasins
  A hydra simulacrum (IceCv)
  4 swamp drakes (Swamp:2)
  25 orc warriors
  An ice beast (D:7)
  3 alligator simulacra
  14 ogres
  A sky beast (D:7)
  7 black bears
  11 wolves
  A centaur (D:8)
  2 phantoms (D:5)
  2 kobold brigands (D:10)
  8 bullfrogs
  5 deep troll simulacra (IceCv)
  4 earth elementals
  4 scorpions
  4 wights (D:6)
  5 small abominations (Gauntlet)
  A hornet simulacrum (Gauntlet)
  12 killer bees
  An electric eel (Lair:2)
  4 howler monkeys
  4 centaur zombies (Ossuary)
  A gnoll bouda (D:9)
  A jelly (D:5)
  36 orc priests
  2 hounds
  Jessica (D:3)
  2 sleepcaps
  Natasha (thrice) (D:2)
  An iguana (D:5)
  12 orc wizards
  6 mummies (Ossuary)
  11 gnolls
  4 adders
  3 shadow imps
  2 white imps
  An ufetubus (D:6)
  5 worms
  5 dart slugs
  78 orcs
  6 ball pythons
  9 bats
  5 endoplasms
  6 giant cockroaches
  14 goblins
  7 hobgoblins
  10 jackals
  5 quokkas
  3 frilled lizards (D:1)
  A goblin zombie (D:5)
  5 hobgoblin zombies (Ossuary)
  20 kobolds
  3 rats
  A rat zombie (D:5)
1180 creatures vanquished.

Vanquished Creatures (others)
  An eleionoma (Swamp:3)
  A bunyip (Swamp:3)
  An alligator (Swamp:3)
  2 deep elf knights
  A swamp dragon (Swamp:2)
  4 bloated husks
  A vampire mosquito (Swamp:2)
  An orc wizard (D:8)
  An orc (D:8)
  8 foxfires
  2 starspawn tentacles (Abyss:3)
23 creatures vanquished.

Grand Total: 1203 creatures vanquished

Notes
Turn   | Place    | Note
-------+----------+-------------------------------------------
     0 | D:1      | NateTC the Minotaur Fighter began the quest for the Orb.
     0 | D:1      | Reached XP level 1. HP: 19/19 MP: 0/0
    27 | D:1      | Reached XP level 2. HP: 26/26 MP: 1/1
   220 | D:1      | Reached XP level 3. HP: 31/31 MP: 2/2
   796 | D:2      | Noticed Natasha
   804 | D:2      | Killed Natasha
   805 | D:2      | Reached skill level 5 in Axes
   805 | D:2      | Reached XP level 4. HP: 10/39 MP: 3/3
   939 | D:2      | Noticed Sigmund
   949 | D:2      | Killed Sigmund
   950 | D:2      | Reached XP level 5. HP: 22/45 MP: 4/4
  1388 | D:2      | Reached XP level 6. HP: 47/51 MP: 5/5
  1598 | D:2      | Noticed Natasha
  1602 | D:2      | Killed Natasha
  1621 | D:2      | Noticed Natasha
  1623 | D:2      | Killed Natasha
  1714 | D:3      | Found a faded altar of an unknown god.
  1751 | D:3      | Reached skill level 5 in Armour
  1767 | D:3      | Found Gualeyd's Distillery.
  1897 | D:3      | Found Jaimuox's Jewellery Emporium.
  1928 | D:3      | Noticed Jessica
  1929 | D:3      | Found Usezuog's Distillery.
  1937 | D:3      | Killed Jessica
  2049 | D:3      | Found an iron altar of Okawaru.
  2227 | D:3      | Found a blossoming altar of Fedhas.
  2435 | D:4      | Found a burning altar of Makhleb.
  2507 | D:4      | Reached skill level 4 in Fighting
  2507 | D:4      | Reached XP level 7. HP: 29/59 MP: 6/6
  2683 | D:4      | Reached skill level 5 in Fighting
  2779 | D:4      | Reached skill level 6 in Fighting
  3252 | D:5      | Entered Level 5 of the Dungeon
  3361 | D:5      | Reached skill level 7 in Fighting
  3367 | D:5      | Reached XP level 8. HP: 52/74 MP: 7/7
  3371 | D:5      | Reached skill level 8 in Fighting
  3432 | D:5      | Found Cownir's Magic Scroll Shoppe.
  3479 | D:5      | Found a sand-covered staircase.
  3486 | Ossuary  | Entered an ossuary
  3788 | D:5      | Found a staircase to the Ecumenical Temple.
  3798 | Temple   | Entered the Ecumenical Temple
  3963 | Temple   | Became a worshipper of Gozag Ym Sagoz the Greedy
  4236 | D:5      | Reached skill level 10 in Axes
  4757 | D:6      | Reached XP level 9. HP: 81/81 MP: 8/8
  4844 | D:6      | Found a basalt altar of Yredelemnul.
  4983 | D:6      | Found a glowing golden altar of the Shining One.
  4995 | D:6      | Noticed a +0 hand axe
  4995 | D:6      | Noticed a +0 dagger
  5006 | D:6      | Found a hide-covered altar of Uskayaw.
  5062 | D:6      | Found a sparkling altar of Nemelex Xobeh.
  6258 | D:5      | Bought a scroll of acquirement for 624 gold pieces
  6258 | D:5      | Acquired a manual of Fighting
  6365 | D:8      | Found Elogg's Weapon Shoppe.
  6571 | D:8      | Found Orosenwi's Book Shop.
  6601 | D:8      | Found Kofuem's Assorted Antiques.
  6754 | D:8      | Found an ancient bone altar of Kikubaaqudgha.
  6778 | D:8      | Found Pughig's Armour Shop.
  6784 | D:8      | Reached skill level 9 in Fighting
  6784 | D:8      | Reached XP level 10. HP: 79/91 MP: 9/9
  6811 | D:8      | Found a snail-covered altar of Cheibriados.
  6958 | D:8      | Found Qoply's Weapon Shoppe.
  7461 | D:9      | Identified the +4 scale mail of the Original Sin {rPois}
  7482 | D:9      | Reached skill level 5 in Shields
  7727 | D:9      | Reached skill level 10 in Fighting
  8366 | D:10     | Entered Level 10 of the Dungeon
  8374 | D:10     | Found a staircase to the Orcish Mines.
  8380 | D:10     | Noticed a cane toad
  8391 | D:10     | Killed a cane toad
  8435 | D:10     | Found a radiant altar of Vehumet.
  8609 | D:8      | Bought a +6 heavy broad axe for 548 gold pieces
  8752 | D:10     | Found a staircase to the Lair.
  8752 | D:10     | Noticed a death yak
  8756 | D:10     | Reached skill level 11 in Fighting
  8767 | D:10     | Killed a death yak
  8948 | D:10     | Reached skill level 12 in Fighting
  9026 | D:10     | Noticed a gargoyle
  9029 | D:10     | Killed a gargoyle
  9065 | D:10     | Found a broken altar of Ashenzari.
  9087 | D:10     | Reached XP level 11. HP: 103/105 MP: 10/10
  9220 | D:10     | Reached skill level 13 in Fighting
  9513 | Lair:1   | Entered Level 1 of the Lair of Beasts
  9893 | Lair:1   | Reached skill level 14 in Fighting
  9919 | Lair:1   | Reached skill level 15 in Axes
 10310 | Lair:2   | Found a shadowy altar of Dithmenos.
 10358 | Lair:2   | Reached skill level 15 in Fighting
 10370 | Lair:2   | Noticed a skyshark
 10376 | Lair:2   | Killed a skyshark
 10760 | Lair:2   | Reached XP level 12. HP: 107/122 MP: 11/11
 10959 | Lair:2   | Found a runed translucent door.
 10962 | Lair:2   | Noticed AiryTheDragon's ghost (journeyman DrIE)
 11286 | Lair:2   | Killed AiryTheDragon's ghost
 11532 | Lair:2   | Identified the staff of earth "Tiet" {Int+5}
 11567 | Lair:3   | Reached skill level 16 in Fighting
 11640 | Lair:3   | Found a gate leading to a gauntlet.
 11649 | Gauntlet | Entered a Gauntlet
 11649 | Gauntlet | Found a transporter.
 11649 | Gauntlet | Found a transporter.
 11665 | Gauntlet | Found a transporter.
 11670 | Gauntlet | Found a transporter.
 11676 | Gauntlet | Found a runed translucent gate.
 11678 | Gauntlet | Found a transporter.
 11679 | Gauntlet | Found a runed translucent gate.
 11679 | Gauntlet | Found a runed translucent gate.
 11682 | Gauntlet | Found a transporter.
 11687 | Gauntlet | Noticed a ghost crab
 11692 | Gauntlet | Found a transporter.
 11706 | Gauntlet | Noticed a blizzard demon
 11708 | Gauntlet | Found a transporter.
 11712 | Gauntlet | Found a runed translucent door.
 11729 | Gauntlet | Found a transporter.
 11730 | Gauntlet | Found a transporter.
 11738 | Gauntlet | Found a transporter.
 11742 | Gauntlet | Found a transporter.
 12096 | Gauntlet | Identified the ring "Hero's Friend" {rElec EV+5}
 12117 | Gauntlet | Killed a ghost crab
 12279 | Gauntlet | Identified the +4 ring mail of Dowdy Surprise {Str+3 SInv}
 12307 | Gauntlet | Noticed a minotaur
 12323 | Gauntlet | Killed a minotaur
 12695 | Lair:3   | Found a staircase to the Swamp.
 12858 | Lair:3   | Reached skill level 17 in Fighting
 12982 | Lair:3   | Found a staircase to the Snake Pit.
 13308 | Lair:4   | Noticed a six-headed hydra
 13311 | Lair:4   | Noticed a death yak
 13317 | Lair:4   | Noticed a death yak
 13319 | Lair:4   | Killed a ten-headed hydra
 13321 | Lair:4   | Killed a death yak
 13321 | Lair:4   | Noticed a death yak
 13323 | Lair:4   | Noticed a death yak
 13324 | Lair:4   | Noticed a death yak
 13325 | Lair:4   | Killed a death yak
 13330 | Lair:4   | Killed a death yak
 13331 | Lair:4   | Reached skill level 18 in Fighting
 13336 | Lair:4   | Killed a death yak
 13339 | Lair:4   | Killed a death yak
 13610 | Lair:4   | Reached XP level 13. HP: 129/136 MP: 12/12
 13654 | Lair:4   | Reached skill level 10 in Armour
 13751 | Lair:4   | Found a runed translucent door.
 13751 | Lair:4   | Noticed NateTC's ghost (journeyman MiHu)
 13948 | Lair:4   | Reached skill level 10 in Shields
 14726 | Lair:4   | Killed NateTC's ghost
 14846 | Lair:5   | Entered Level 5 of the Lair of Beasts
 15067 | Lair:5   | Found a staircase to the Slime Pits.
 15067 | Lair:5   | Found a viscous altar of Jiyva.
 15364 | Lair:5   | Noticed Snorg
 15377 | Lair:5   | Killed Snorg
 15666 | Lair:5   | Reached XP level 14. HP: 129/144 MP: 13/13
 16323 | Swamp:1  | Entered Level 1 of the Swamp
 16475 | Swamp:1  | Reached skill level 1 in Evocations
 16688 | Swamp:1  | Reached skill level 19 in Fighting
 16924 | Swamp:1  | Noticed a tentacled monstrosity
 16947 | Swamp:1  | Killed a tentacled monstrosity
 17286 | Swamp:2  | Noticed a tentacled monstrosity
 17669 | Swamp:1  | Killed a tentacled monstrosity
 17783 | Swamp:2  | Found a transporter.
 17795 | Swamp:2  | Found a transporter.
 17795 | Swamp:2  | Noticed a fenstrider witch
 17795 | Swamp:2  | Noticed a thorn hunter
 17799 | Swamp:2  | Noticed LobsterGuardian's ghost (adept HOMo)
 17815 | Swamp:2  | Noticed a fenstrider witch
 17952 | Swamp:2  | Reached skill level 20 in Fighting
 18364 | Swamp:2  | Reached XP level 15. HP: 115/155 MP: 14/14
 18630 | Swamp:3  | Identified the +0 pair of gloves of Sophism {rF+ rCorr}
 18630 | Swamp:3  | Noticed Nikola
 18655 | Swamp:2  | Reached skill level 5 in Evocations
 19267 | Swamp:3  | Killed Nikola
 20280 | D:11     | Reached skill level 21 in Fighting
 20760 | D:12     | Reached skill level 1 in Ranged Weapons
 21867 | D:13     | Identified the +3 robe of Too Many Cooks {Rampage Drain
                  | rN+}
 22074 | D:13     | Found a gate to the Vaults.
 22179 | D:13     | Reached skill level 5 in Ranged Weapons
 22437 | D:13     | Found Beutovim's Armour Boutique.
 22444 | D:13     | Bought a +2 plate armour of willpower for 480 gold pieces
 22788 | D:14     | Gained mutation: Potions are less effective at restoring
                  | your health. [a neqoxec]
 22804 | D:14     | Gained mutation: You are occasionally teleported next to
                  | monsters. [a neqoxec]
 22880 | D:14     | Found Mairobi's Distillery.
 22883 | D:14     | You are sucked into a shaft and drop 1 floor!
 22883 | D:15     | Entered Level 15 of the Dungeon
 22921 | D:14     | Found a shadowy altar of Dithmenos.
 22943 | D:14     | Bought a potion of heal wounds for 70 gold pieces
 22943 | D:14     | Bought a potion of curing for 42 gold pieces
 22943 | D:14     | Bought a potion of curing for 42 gold pieces
 22943 | D:14     | Bought a potion of curing for 42 gold pieces
 22986 | D:14     | Reached XP level 16. HP: 164/167 MP: 15/15
 23149 | D:14     | Reached skill level 10 in Ranged Weapons
 23519 | Orc:1    | Entered Level 1 of the Orcish Mines
 23837 | Orc:2    | Entered Level 2 of the Orcish Mines
 24317 | Orc:2    | Found a staircase to the Elven Halls.
 24408 | Orc:2    | Found Favuk's Weapon Emporium.
 24413 | Orc:2    | Found Adeuts's Antique Weapon Boutique.
 24601 | Orc:2    | Found Totim's General Store.
 24610 | Orc:2    | Found Togroh's Antique Weapon Boutique.
 24721 | Orc:2    | Bought a scroll of teleportation for 33 gold pieces
 25090 | Orc:2    | Bought the ring of Vuikaibu {rC+ AC+4 Str+2} for 921 gold
                  | pieces
 25090 | Orc:2    | Bought the amulet of Zeopopoe {Acrobat rPois rN+ Slay-2}
                  | for 629 gold pieces
 25275 | D:15     | Reached skill level 15 in Armour
 25336 | D:15     | Reached skill level 15 in Shields
 25451 | D:15     | Reached skill level 1 in Dodging
 25486 | D:15     | Noticed a storm dragon
 25496 | D:15     | Killed a storm dragon
 25550 | D:15     | Identified the +6 quarterstaff "Qowef" {holy, +Blink Fly
                  | Will+ rCorr}
 25652 | D:15     | Reached skill level 5 in Dodging
 25652 | D:15     | Found a hazy altar of Hepliaklqana.
 25901 | D:15     | Found a staircase to the Depths.
 26524 | Snake:1  | Entered Level 1 of the Snake Pit
 27080 | Snake:1  | Reached XP level 17. HP: 166/176 MP: 16/16
 27446 | Snake:2  | Noticed Frances
 27455 | Snake:2  | Reached skill level 22 in Fighting
 27694 | Snake:2  | Killed Frances
 27839 | Snake:2  | Found a frozen archway.
 27889 | IceCv    | Entered an ice cave
 28178 | IceCv    | Reached skill level 23 in Fighting
 28502 | IceCv    | Identified the +3 morningstar "Qugeum" {elec, Dex+4}
 28596 | IceCv    | Identified the +0 pair of boots of Twilight {Int+7}
 28946 | Snake:2  | Found Guipuyrch's Weapon Emporium.
 30005 | Snake:3  | Noticed Aizul
 30023 | Snake:3  | Killed Aizul
 30028 | Snake:3  | HP: 13/271 [poisoned by Aizul (poison arrow)]
 30032 | Snake:3  | HP: 5/181 [poisoned by Aizul (poison arrow)]
 30037 | Snake:3  | HP: 3/181 [poisoned by Aizul (poison arrow)]
 30681 | Snake:3  | Found Opeyts's Book Emporium.
 30683 | Snake:3  | Found Miatu's Jewellery Boutique.
 30684 | Snake:3  | Found Uchuric's Book Emporium.
 30836 | Snake:3  | Noticed Roxanne
 30854 | Snake:3  | Killed Roxanne
 30855 | Snake:3  | Reached skill level 24 in Fighting
 31246 | Elf:1    | Entered Level 1 of the Elven Halls
 31341 | Elf:1    | Lost mutation: Potions are less effective at restoring your
                  | health. [potion of mutation]
 31341 | Elf:1    | Lost mutation: You are occasionally teleported next to
                  | monsters. [potion of mutation]
 31341 | Elf:1    | Gained mutation: You are partially covered in large bone
                  | plates. (SH +4) [potion of mutation]
 31341 | Elf:1    | Gained mutation: Your flesh is heat resistant. (rF+)
                  | [potion of mutation]
 31341 | Elf:1    | Gained mutation: Your muscles are strong. (Str +4, Int/Dex
                  | -1) [potion of mutation]
 31341 | Elf:1    | Gained mutation: You have an increased reservoir of magic.
                  | (+10% MP) [potion of mutation]
 31370 | Elf:1    | Found Vekk's Magic Scroll Emporium.
 31386 | Elf:1    | Bought a scroll of brand weapon for 104 gold pieces
 31386 | Elf:1    | Bought a scroll of enchant armour for 82 gold pieces
 31386 | Elf:1    | Bought 3 scrolls of teleportation for 99 gold pieces
 31386 | Elf:1    | Bought a scroll of enchant armour for 82 gold pieces
 31386 | Elf:1    | Bought a scroll of teleportation for 33 gold pieces
 31431 | Elf:1    | Paralysed by an air elemental for 1 turns
 31433 | Elf:1    | Paralysed by an air elemental for 1 turns
 31594 | Elf:1    | Reached XP level 18. HP: 185/190 MP: 18/18
 31729 | Elf:1    | Paralysed by an air elemental for 1 turns
 32664 | Elf:1    | Bought a potion of heal wounds for 200 gold pieces
 32664 | Elf:1    | Bought a scroll of enchant weapon for 300 gold pieces
 32664 | Elf:1    | Bought a wand of flame (14) for 392 gold pieces
 32664 | Elf:1    | Bought a potion of resistance for 400 gold pieces
 32664 | Elf:1    | Bought a potion of curing for 120 gold pieces
 32664 | Elf:1    | Bought a long lead wand for 160 gold pieces
 32853 | Elf:2    | Found a runed translucent door.
 32880 | Elf:2    | Found a runed translucent door.
 33105 | Elf:2    | Paralysed by an air elemental for 1 turns
 34029 | Elf:3    | Entered Level 3 of the Elven Halls
 34566 | Elf:3    | Found a runed translucent door.
 34570 | Elf:3    | Found a hide-covered altar of Uskayaw.
 34666 | Elf:3    | Noticed a Brimstone Fiend
 34964 | Elf:3    | Reached skill level 25 in Fighting
 35010 | Abyss:3  | Cast into level 3 of the Abyss (a deep elf sorcerer)
 35078 | Abyss:3  | Found a corrupted altar of Lugonu.
 35094 | Elf:3    | Escaped the Abyss
 35097 | Elf:3    | Noticed a Hell Sentinel
 35101 | Elf:3    | Noticed an Ice Fiend
 35102 | Elf:3    | Noticed a Tzitzimitl
 35662 | Elf:3    | Reached XP level 19. HP: 173/201 MP: 19/19
 35784 | Elf:3    | Identified the +5 plate armour "Ymyint" {Regen+ MP+9}
 35852 | Elf:3    | Identified the +0 robe "Acraxerph" {rElec rF+ Will+ Str+2}
 36040 | Elf:3    | Identified the ring of Mirth {AC+4 Int+6}
 36060 | Elf:3    | Identified the +1 robe "Votoschim" {rC+ rN+ Dex+3 Slay+3}
 36107 | Elf:3    | Identified the ring "Plog" {rN+ Stlth+}
 36283 | Elf:3    | Identified the ring "Cose" {Drain rPois rCorr Str+3 SInv}
 36292 | Elf:3    | Identified the ring of the Crown {Wiz Str+5 Stlth+}
 36294 | Elf:3    | Identified the ring "Xuyzasm" {Fly Will+}
 36306 | Elf:3    | Noticed a Tzitzimitl
 36879 | Elf:3    | Identified the staff of earth "Gist" {Fly}
 36880 | Elf:3    | Identified the staff of fire "Ruwnyhas" {*Slow rPois rF+
                  | Str+3 Dex+3}
 37235 | Depths:1 | Entered Level 1 of the Depths
 37704 | Depths:1 | Found a gateway to Hell.
 37921 | Hell     | Entered the Vestibule of Hell
 37921 | Hell     | Noticed Geryon
 38504 | Depths:1 | Reached skill level 26 in Fighting
 38985 | Hell     | Slain by a reaper

Illustrated notes

Levels and vault maps discovered:
D:1:      amcnicky_arrival_single_pillar, layout_basic, palyth_stone_intersect,
          serial_bayou_pond_c, amcnicky_mini_corridor_feature, minmay_vboxes
D:2:      layout_loops_ring, uniq_natasha, uniq_sigmund
D:3:      layout_rooms, fedhas_altar_3, mainiacjoe_overflow_24_doors,
          serial_shops, shop, nicolae_shop_trees, nicolae_shop_advertising_works
          [nicolae_subvault_shop_adworks],
          shapermc_ecumenical_altar_starsandcircs, grunt_decor_junction,
          uniq_jessica
D:4:      layout_basic, overflow_temple_1_default
D:5:      layout_cave_pods, minmay_temple_entry_proselytizer, serial_shops,
          nicolae_shop_rolled_up, enter_ossuary_4, guppyfry_early_orc_mine
D:6:      layout_rooms, lemuel_crystal_altar, dancing_weapons_uskayaw,
          lemuel_crystal_altar, kennysheep_mini
D:7:      layout_cave_pods, minmay_small_thing
D:8:      layout_cave_pods, mainiacjoe_overflow_catwalk,
          mainiacjoe_overflow_surrounded_room, serial_shops,
          nicolae_shop_behind_doors, kennysheep_little_box, shop,
          nicolae_shop_scrapyard, nicolae_shop_bloodbath_and_beyond
D:9:      layout_basic
D:10:     layout_loops_ring, vehumet_altar_wand_db, evilmike_ruin_ashenzari,
          david_lair_generic, david_orc_2
D:11:     layout_roguey
D:12:     layout_stronghold, drop_trap
D:13:     layout_loops_ring, erik_vaults_2, serial_shops, shop,
          bh_hangedman_babel_library
D:14:     layout_rooms, nicolae_dithmenos_the_darkroom, serial_shops,
          nicolae_shop_tiny_waterfront, serial_demonic, serial_demonic_c,
          serial_demonic_f, serial_demonic_a, serial_demonic_d,
          serial_demonic_d, serial_demonic_e
D:15:     hangedman_depths_entry_civil_slaughter, layout_rooms,
          nicolae_hepliaklqana_hazy_memory, minmay_three_doors
Temple:   chequers_temple_sunken
Lair:1:   layout_concentric_octagons, grunt_megastairs_2
Lair:2:   layout_roguey, gammafunk_ghost_grave, basic_altar,
          infiniplex_staircase_pool
Lair:3:   layout_loops_ring, swamp_mist_pool, nicolae_snake_entry_squirm,
          gauntlet_entry_generic
Lair:4:   layout_layer_cave, ebering_ghost_inner_flame, beast_lair_carwin_8
Lair:5:   grunt_lair_end_beastmaster, layout_cave_pods,
          minmay_slime_entry_oklob_open, grunt_megastairs_3, uniq_snorg
Swamp:1:  cheibrodos_swamp_monstrosity, layout_basic_swamp, serial_swamp_ruin,
          evilmike_swamp_ruin_rubble_1, evilmike_swamp_ruin_rubble_2,
          evilmike_swamp_ruin_house_4
Swamp:2:  layout_basic_swamp, gammafunk_ghost_arena, hangedman_swamp_blocks,
          swamp_pool1
Swamp:3:  layout_basic_swamp, nicolae_swamp_little_swirl, uniq_nikola
Snake:1:  layout_grid_maze, lemuel_fruit_tree
Snake:2:  layout_rooms, special_room, serial_shops, shop,
          portal_ice_cave_entry_horrid_things, nicolae_elevator_lobby_asterisk,
          uniq_frances
Snake:3:  layout_gridlike, grunt_megastairs_1, minmay_shop_grove, uniq_roxanne,
          uniq_aizul
Orc:1:    layout_caves, basic_altar
Orc:2:    st_orc_town, layout_diamond_mine
Elf:1:    layout_onion_city, serial_shops, shop_fountains, evilmike_minifort
Elf:2:    elven_hall_of_blades_hangedman_original
          [nicolae_blade_entry_splitting_headache], layout_geoelf_diagonals
Elf:3:    minmay_elf_hall_four_x, layout_loops_corners, nicolae_danse_macabre
Depths:1: layout_cave_shapes, serial_sigils_hangedman_confine, hell_entry,
          hangedman_decor_clover_reticule, hangedman_research_thermodynamics
Hell

Skill      XL: |  1  2  3  4  5  6  7  8  9 10 11 12 13 14 15 16 17 18 19 |
---------------+----------------------------------------------------------+-----
Axes           | 3 4 5 7 11 14 16 18 | 18.0
Armour         | 6 7 9 13 14 15 16 17 | 17.8
Fighting       | 4 7 8 9 12 15 18 20 21 24 25 26 | 26.1
Shields        | 4 8 9 13 14 15 17 20 | 20.0
Evocations     | 4 7 |  7.5
Ranged Weapons | 9 10 | 10.7
Dodging        | 7 8 9 |  9.6

Action                     |  1- 3 |  4- 6 |  7- 9 | 10-12 | 13-15 | 16-18 | 19-21 || total
---------------------------+-------+-------+-------+-------+-------+-------+-------++-------
  Melee: War axe           |    58 |   135 |   191 |    62 |       |       |       ||   446
         Headbutt          |     8 |    19 |    26 |    52 |   116 |   180 |    58 ||   459
         Broad axe         |       |       |       |   241 |   559 |   976 |   241 ||  2017
         Mace              |       |       |       |       |    16 |       |       ||    16
   Fire: Sling             |       |       |       |       |    10 |     2 |       ||    12
 Invoke: Potion Petition   |       |       |       |     1 |       |     3 |     2 ||     6
         Call Merchant     |       |       |       |       |       |     2 |       ||     2
    Use: Scroll            |     6 |     5 |    10 |    13 |     9 |     9 |     1 ||    53
         Potion            |       |       |     4 |     3 |     1 |     4 |    10 ||    22
   Stab: Distracted        |       |       |       |     3 |       |     7 |       ||    10
         Confused          |       |       |       |       |     3 |       |       ||     3
 Armour: Scale mail        |    37 |    14 |       |       |       |       |       ||    51
         Chain mail        |       |    29 |       |       |       |       |       ||    29
         Plate armour      |       |    27 |   133 |   178 |   366 |   331 |   154 ||  1189
  Dodge: Dodged            |    31 |    86 |   154 |   181 |   305 |   499 |   181 ||  1437
         Repelled          |       |       |       |     2 |     9 |    39 |     9 ||    59
  Block: Buckler           |    11 |    21 |    64 |    70 |       |       |       ||   166
         Kite shield       |       |       |       |    31 |   374 |   778 |   109 ||  1292
         Tower shield      |       |       |       |       |       |       |   281 ||   281
